 Dungeon Crawl Stone Soup version 0.23.2-40-g277498a001 (webtiles) character file.

Game seed: 16152779659768583799

16200 H0rd4k the Carver (level 12, -2/94 HPs)
             Began as a Human Artificer on Sept 5, 2019.
             Was an Initiate of Gozag.
             Slain by a polar bear (20 damage)
             ... in an ice cave.
             The game lasted 00:40:44 (14528 turns).

H0rd4k the Carver (Human Artificer)                Turns: 14528, Time: 00:40:46

Health: -2/94      AC: 14    Str: 16    XL:     12   Next: 67%
Magic:  0/15       EV: 16    Int: 12    God:    Gozag
Gold:   742        SH:  0    Dex: 15    Spells: 12/13 levels left

rFire    . . .     SeeInvis .   J - +8 scimitar (freeze)
rCold    + + .     Gourm    .   (no shield)
rNeg     . . .     Faith    .   K - +3 leather armour {rC+}
rPois    .         Spirit   +   (no helmet)
rElec    .         Reflect  .   l - scarf {Spirit}
rCorr    .         Harm     .   E - +0 pair of gloves
MR       .....                  H - +2 pair of boots of the Assassin {Detection Stab+ Stlth++}
Stlth    +++++.....             C - amulet of rage
HPRegen  0.25/turn              m - ring of protection from cold
MPRegen  0.14/turn              F - +3 ring of protection

@: gold aura
A: no striking features
a: Potion Petition, Call Merchant, Bribe Branch, Renounce Religion, Evoke
Berserk Rage


You were in an ice cave.
You worshipped Gozag.
Gozag was pleased with you.
You were not hungry.

You visited 2 branches of the dungeon, and saw 12 of its levels.
You also visited: Ice Cave.

You collected 2784 gold pieces.
You spent 1962 gold pieces at shops.
You paid 80 gold pieces to Gozag.

Inventory:

Hand Weapons
 c - a +0 blowgun
 I - a +3 vampiric halberd
 J - a +8 scimitar of freezing (weapon)
Missiles
 r - 53 poisoned needles
 y - 20 tomahawks (quivered)
 z - a throwing net
 D - 2 needles of sleeping
Armour
 l - a scarf of spirit shield (worn)
 E - a +0 pair of gloves (worn)
 H - the +2 pair of boots of the Assassin (worn) {Detection Stab+ Stlth++}
   (You bought it in a shop on level 8 of the Dungeon)

   It makes you much more stealthy.
 K - a +3 leather armour of cold resistance (worn)
Jewellery
 m - a ring of protection from cold (left hand)
 u - an uncursed ring of wizardry
 C - an amulet of rage (around neck)
 F - a +3 ring of protection (right hand)
Wands
 d - a wand of enslavement (2)
 p - a wand of paralysis (9)
 w - a wand of disintegration (10)
 G - a wand of polymorph (11)
Scrolls
 h - 3 scrolls of amnesia
 i - a scroll of teleportation
 n - 2 scrolls of immolation
 o - 4 scrolls of remove curse
 x - a scroll of noise
Potions
 a - a potion of berserk rage {unknown}
 b - 2 potions of degeneration {unknown}
 e - a potion of mutation {unknown}
 g - 3 potions of brilliance
 j - 2 potions of might {unknown}
 k - a potion of magic
 q - a potion of heal wounds
 s - 2 potions of flight {unknown}
 t - 3 potions of lignification {unknown}
 v - 3 potions of agility
 B - 2 potions of curing
Comestibles
 f - 5 rations


   Skills:
 + Level 8.7 Fighting
   Level 3.5(9.0) Short Blades
 + Level 12.5(12.6) Long Blades
 + Level 1.0 Throwing
 + Level 5.8 Armour
 + Level 7.4 Dodging
 + Level 6.6 Stealth
 + Level 1.0 Spellcasting
 + Level 0.7 Hexes
 + Level 5.1 Evocations


You had 12 spell levels left.
You knew the following spells:

 Your Spells              Type           Power        Failure   Level  Hunger
a - Confusing Touch       Hex            #.....       26%         1    ##.....

Your spell library contained the following spells:

 Spells                   Type           Power        Failure   Level  Hunger
 Sting                    Conj/Pois      #...         34%         1    ##.....
 Poisonous Vapours        Pois/Air       #.....       47%         2    ###....
 Confuse                  Hex            #.......     61%         3    ####...
 Gell's Gravitas          Tloc           #.........   71%         3    ####...
 Mephitic Cloud           Conj/Pois/Air  #.......     71%         3    ####...
 Olgreb's Toxic Radiance  Pois           #.......     98%         4    #####..
 Petrify                  Tmut/Erth      #.......     98%         4    #####..
 Metabolic Englaciation   Hex/Ice        #.........   100%        5    ######.
 Venom Bolt               Conj/Pois      #.........   100%        5    ######.
 Yara's Violent Unravell  Hex/Tmut       #.........   100%        5    ######.


Dungeon Overview and Level Annotations

Branches:
Dungeon (11/15)            Temple (1/1) D:6            Lair (0/6) D:9
    Orc (0/2) D:9

Altars:
Ashenzari
Cheibriados
Dithmenos
Gozag
Hepliaklqana
Kikubaaqudgha
Okawaru
Qazlal
Ru
Trog
Vehumet
Wu Jian
Xom
Yredelemnul
The Shining One

Shops:
D:8 ?[

Annotations:
D:10 exclusion: ice statue, Erolcha


Message History

The polar bear is almost dead.
The polar bear closely misses you. The polar bear completely misses you.
The polar bear claws you.
You barely miss the polar bear.
The polar bear is almost dead.
The polar bear bites you!
The polar bear claws you but does no damage.
The polar bear misses you.
You closely miss the polar bear.
The polar bear is almost dead.
The polar bear bites you!!
* * * LOW HITPOINT WARNING * * *
The polar bear claws you but does no damage. x2
You barely miss the polar bear.
The polar bear is almost dead.
The polar bear misses you.
The polar bear claws you but does no damage.
The polar bear completely misses you. The polar bear bites you!!
You die...
Your body crumbles into a pile of gold.

≈#≈≈≈##.##.##
≈≈≈≈≈#..#.##
≈#≈≈##.##..#
≈≈≈ #.###.#
##.#.##
#....# ##.#.#
###.## ##@#
##h# #..#
#.## #.##
##.# #.# ..#
..##


You could see a polar bear (berserk).

Vanquished Creatures
  A two-headed ogre (D:8)
  2 death yaks (IceCv)
  A rime drake (IceCv)
  7 polar bears (IceCv)
  A troll (D:9)
  Prince Ribbit (D:9)
  A hippogriff (D:10)
  A spriggan (D:8)
  A basilisk (D:9)
  30 yaks
  A wyvern (D:9)
  A steam dragon (D:10)
  Grum (D:9)
  A hungry ghost (D:7)
  A water moccasin (D:8)
  An orc warrior (D:5)
  4 porcupines
  2 ice beasts
  A black bear (D:6)
  2 sky beasts
  20 wolves
  3 phantoms
  3 ogres
  4 centaurs
  2 crocodiles (D:9)
  8 bullfrogs
  Blork the orc (D:5)
  A gnoll sergeant (D:10)
  2 scorpions
  A water moccasin skeleton (D:7)
  3 killer bees
  15 wights
  6 howler monkeys
  3 crimson imps
  A bullfrog zombie (D:6)
  4 jellies
  5 hounds
  6 orc wizards
  2 orc priests
  2 centaur skeletons
  A bullfrog skeleton (D:10)
  6 iguanas
  8 worker ants
  A hound zombie (D:9)
  A hound skeleton (D:10)
  9 adders
  5 gnolls
  A howler monkey skeleton (D:6)
  A shadow imp (D:10)
  12 white imps (D:11)
  2 oozes (D:1)
  2 adder skeletons
  5 worms
  A dart slug (D:2)
  6 leopard geckos
  26 orcs
  5 ball pythons
  4 bats
  4 giant cockroaches
  9 goblins
  4 hobgoblins
  8 jackals
  8 kobolds
  7 quokkas
  3 frilled lizards
  A giant cockroach zombie (D:6)
  A leopard gecko zombie (D:5)
  A quokka skeleton (D:7)
  8 rats
  A butterfly (D:6)
304 creatures vanquished.

Vanquished Creatures (collateral kills)
  An orc wizard (D:3)
  An orc (D:6)
  A rat (D:3)
3 creatures vanquished.

Vanquished Creatures (others)
  An ice beast (D:6)
  An ogre (D:7)
  A bullfrog skeleton (D:6)
  A hound (D:6)
  A worker ant (D:6)
  A gnoll (D:10)
  A bush (D:9)
  4 fungi (D:9)
  6 plants (D:9)
17 creatures vanquished.

Grand Total: 324 creatures vanquished

Notes
Turn   | Place    | Note
-------+----------+-------------------------------------------
     0 | D:1      | H0rd4k the Human Artificer began the quest for the Orb.
     0 | D:1      | Reached XP level 1. HP: 15/15 MP: 3/3
    72 | D:1      | Reached XP level 2. HP: 17/21 MP: 4/4
   163 | D:1      | Reached XP level 3. HP: 16/26 MP: 5/5
   875 | D:2      | Reached XP level 4. HP: 22/32 MP: 7/7
  1134 | D:2      | Reached skill level 1 in Armour
  1331 | D:2      | Found a sacrificial altar of Ru.
  1402 | D:3      | Found a basalt altar of Yredelemnul.
  1645 | D:3      | Reached XP level 5. HP: 13/38 MP: 8/8
  2050 | D:3      | Found a glowing golden altar of the Shining One.
  2705 | D:4      | Noticed an ogre
  2874 | D:4      | Reached XP level 6. HP: 30/44 MP: 9/9
  2950 | D:4      | Noticed an ogre
  2960 | D:4      | Killed an ogre
  3075 | D:4      | You fall through a shaft for 3 floors!
  3095 | D:6      | Found a staircase to the Ecumenical Temple.
  3113 | Temple   | Entered the Ecumenical Temple
  3144 | Temple   | Became a worshipper of Gozag Ym Sagoz the Greedy
  3178 | D:6      | Noticed an ice beast
  3182 | D:6      | Noticed an ice beast
  3212 | D:6      | Noticed an orc warrior
  3243 | D:6      | Noticed Blork the orc
  3482 | D:6      | Noticed a black bear
  3521 | D:5      | Entered Level 5 of the Dungeon
  3746 | D:5      | Reached XP level 7. HP: 39/51 MP: 10/10
  4632 | D:5      | Reached skill level 1 in Long Blades
  4927 | D:5      | Found a stormy altar of Qazlal.
  5143 | D:6      | Reached skill level 2 in Long Blades
  5154 | D:6      | Reached XP level 8. HP: 40/57 MP: 11/11
  5288 | D:6      | Reached skill level 3 in Long Blades
  5616 | D:7      | Reached skill level 4 in Long Blades
  6500 | D:5      | Reached skill level 5 in Long Blades
  6580 | D:5      | Reached XP level 9. HP: 19/65 MP: 12/12
  6929 | D:5      | Killed Blork the orc
  7457 | D:7      | Reached skill level 6 in Long Blades
  7497 | D:7      | Found a snail-covered altar of Cheibriados.
  8054 | D:8      | Found Taxuh's Magic Scroll Shop.
  8067 | D:8      | Bought a scroll of enchant weapon for 105 gold pieces
  8067 | D:8      | Bought a scroll of enchant weapon for 105 gold pieces
  8209 | D:8      | Found a shadowy altar of Dithmenos.
  8209 | D:8      | Found a shimmering altar of Xom.
  8209 | D:8      | Found a stormy altar of Qazlal.
  8323 | D:8      | Reached skill level 5 in Fighting
  8323 | D:8      | Reached skill level 7 in Long Blades
  8323 | D:8      | Reached skill level 5 in Dodging
  8377 | D:8      | Noticed a two-headed ogre
  8666 | D:8      | Killed a two-headed ogre
  8666 | D:8      | Reached XP level 10. HP: 74/74 MP: 13/13
  9026 | D:9      | Reached skill level 8 in Long Blades
  9026 | D:9      | Reached skill level 1 in Throwing
  9392 | D:9      | Found a staircase to the Lair.
  9446 | D:9      | Noticed Prince Ribbit
  9962 | D:8      | Reached skill level 5 in Armour
 10199 | D:8      | Found Famahaj's Antique Armour Shoppe.
 10207 | D:8      | Bought an embroidered scarf for 192 gold pieces
 10207 | D:8      | Bought a dyed leather armour for 120 gold pieces
 10513 | D:9      | Noticed Grum
 10552 | D:9      | Killed Grum
 10552 | D:9      | Reached skill level 9 in Long Blades
 10923 | D:9      | Reached XP level 11. HP: 59/83 MP: 10/14
 10960 | D:9      | Learned a level 1 spell: Confusing Touch
 11316 | D:9      | Reached skill level 10 in Long Blades
 11329 | D:9      | Reached skill level 5 in Stealth
 11704 | D:9      | Found an ornate altar of the Wu Jian Council.
 11774 | D:9      | Killed Prince Ribbit
 11876 | D:9      | Found a staircase to the Orcish Mines.
 11890 | D:10     | Entered Level 10 of the Dungeon
 12059 | D:10     | Noticed Erolcha
 12182 | D:9      | Reached skill level 1 in Spellcasting
 12791 | D:10     | Reached skill level 11 in Long Blades
 13197 | D:8      | Bought the +2 pair of boots of the Assassin {Detection
                  | Stab+ Stlth++} for 1440 gold pieces
 13197 | D:8      | Found the +2 pair of boots of the Assassin {Detection Stab+
                  | Stlth++}
 13724 | D:11     | Found a frozen archway.
 13797 | IceCv    | Entered an ice cave
 13814 | IceCv    | Reached XP level 12. HP: 89/92 MP: 13/15
 13943 | IceCv    | Noticed a death yak
 13946 | IceCv    | Noticed a death yak
 13962 | IceCv    | Killed a death yak
 13989 | IceCv    | Killed a death yak
 13989 | IceCv    | Reached skill level 5 in Evocations
 13991 | IceCv    | Reached skill level 12 in Long Blades
 14500 | IceCv    | Noticed a death yak
 14500 | IceCv    | Noticed a death yak
 14500 | IceCv    | Noticed a frost giant
 14528 | IceCv    | Slain by a polar bear

Skill      XL: |  1  2  3  4  5  6  7  8  9 10 11 12 |
---------------+-------------------------------------+-----
Evocations     | 4 5 |  5.1
Armour         | 1 2 3 4 5 |  5.8
Short Blades   | 2 3 |  3.5
Fighting       | 2 3 5 6 7 8 |  8.7
Dodging        | 3 4 5 6 7 |  7.4
Long Blades    | 2 5 7 9 11 12 | 12.5
Stealth        | 2 3 4 5 6 |  6.6
Throwing       | 1 |  1.0
Spellcasting   | 1 |  1.0
Hexes          | |  0.7

Action                   |  1- 3 |  4- 6 |  7- 9 | 10-12 || total
-------------------------+-------+-------+-------+-------++-------
Melee: Short sword       |   120 |   226 |     6 |       ||   352
       Falchion          |       |       |   576 |    84 ||   660
       Scimitar          |       |       |       |   476 ||   476
Throw: Tomahawk          |       |       |     5 |       ||     5
 Cast: Confusing Touch   |       |       |       |     4 ||     4
 Abil: Evoke Berserk Rag |       |       |     1 |     1 ||     2
Evoke: Wand              |     4 |    32 |     9 |     2 ||    47
  Use: Scroll            |       |     9 |       |    17 ||    26
       Potion            |       |     2 |     1 |     4 ||     7
 Stab: Sleeping          |     1 |     1 |     4 |     6 ||    12
       Distracted        |       |       |       |     5 ||     5
       Confused          |       |       |       |     4 ||     4
  Eat: Chunk             |       |     8 |       |       ||     8
       Ration            |       |     1 |     5 |     7 ||    13
Armor: Leather armour    |    32 |    60 |   165 |   157 ||   414
Dodge: Dodged            |    85 |   162 |   407 |   368 ||  1022
       Rpst.: Falchion   |       |       |   130 |    30 ||   160
       Scimitar          |       |       |       |    94 ||    94
